 Dungeon Crawl Stone Soup version 0.28.0-53-g5a82cb258f (webtiles) character file.

Game seed: 4504297533005791195

62 quixfox the Covered (level 3, -5/33 HPs)
             Began as a Minotaur Fighter on July 12, 2022.
             Killed by nerve-wracking pain
             ... invoked by Jessica
              (10 damage)
             ... on level 2 of the Dungeon.
             The game lasted 00:01:59 (1220 turns).

quixfox the Covered (Minotaur Fighter)              Turns: 1220, Time: 00:01:59

Health: -5/33      AC: 10    Str: 22    XL:     3   Next: 85%
Magic:  2/2        EV:  9    Int:  5    God:
Gold:   104        SH:  4    Dex:  9    Spells: 2/2 levels left

rFire   . . .      SeeInvis .   a - +0 war axe
rCold   . . .      Faith    .   c - +0 buckler
rNeg    . . .      Spirit   .   b - +0 scale mail
rPois   .          Reflect  .   (helmet unavailable)
rElec   .          Harm     .   (no cloak)
rCorr   .          Rampage  .   h - +0 pair of gloves
Will    .....                   (no boots)
Stlth   ..........              (no amulet)
HPRegen 0.11/turn               (no ring)
MPRegen 0.08/turn               (no ring)

@: lethally poisoned (-5 -> -8), flying
A: horns 3, retaliatory headbutt, beak, iridescent scales 1
a: no special abilities


You were on level 2 of the Dungeon.
You visited 1 branch of the dungeon, and saw 2 of its levels.

You collected 104 gold pieces.

Inventory:

Hand Weapons
 a - a +0 war axe (weapon)
Armour
 b - a +0 scale mail (worn)
 c - a +0 buckler (worn)
 h - a +0 pair of gloves (worn)
Scrolls
 e - a scroll of identify {unknown}
 f - 3 scrolls of vulnerability {unknown}
 i - a scroll of teleportation {unknown}
Potions
 d - a potion of might
 g - a potion of flight
 j - a potion of mutation
 k - a potion of cancellation {unknown}
 l - a potion of berserk rage {unknown}


   Skills:
 + Level 4.2 Fighting
 * Level 4.0 Axes
 + Level 4.3 Armour
 - Level 3.6 Shields


You had 2 spell levels left.
You didn't know any spells.
Your spell library contained the following spells:

 Spells                   Type           Power      Damage    Failure   Level
 Magic Dart               Conj           0%         1d3       87%         1
 Call Imp                 Summ           0%         N/A       95%         2
 Mephitic Cloud           Conj/Pois/Air  0%         N/A       99%         3


Dungeon Overview and Level Annotations

Branches:
Dungeon (2/15)

Altars:

Annotations:
D:2 Jessica


Innate Abilities, Weirdness & Mutations

You have a pair of large horns on your head.
You reflexively headbutt those who attack you in melee.
You have a beak for a mouth.
You are partially covered in iridescent scales. (AC +2)


Message History

You kill the bat!
No target in view!
No target in view!
Found a leather armour.
No target in view!
No target in view!
A kobold and a goblin come into view.
The kobold shouts!
The goblin shouts!
You hear a shout!
The kobold throws a stone.
The stone hits you but does no damage.
Jessica the Apprentice Sorceress comes into view.
She is wielding a +0 dagger of venom and carrying a wand of flame (13).
Jessica shouts!
The goblin completely misses you. You furiously retaliate!
You headbutt the goblin.
You kill the goblin!
Jessica zaps a wand.
The puff of flame hits you.
Jessica zaps a wand.
The puff of flame hits you!
The kobold throws a stone.
The stone hits you but does no damage. The kobold barely misses you.
You furiously retaliate!
You headbutt the kobold!
You kill the kobold!
Jessica hits you with a +0 dagger of venom.
You are poisoned.
You barely miss Jessica.
You feel very sick. You block Jessica's attack.
You closely miss Jessica.
You feel sick.
Jessica zaps a wand.
The puff of flame hits you!
* * * LOW HITPOINT WARNING * * *
Jessica zaps a wand.
The puff of flame misses you.
You are too injured to fight recklessly!
It was a potion of mutation.
You feel extremely strange.
Iridescent scales grow over part of your body.
The horns on your head grow some more.
Your mouth lengthens and hardens into a beak!
You feel sick. Jessica completely misses you.
It was a potion of flight.
You feel very buoyant.
You fly up into the air.
You feel sick. Jessica gestures at you while chanting.
Pain shoots through your body!
You die...

####...#######
#.... #......#
#.... #......#
#....
#...#########
#....
###............
.......
#.......)......
..#####
#..............
..
#...)[.........
#.....@........
#.....@........
#..............
#....#########.
#.... #....
#.... #...


You could see Jessica.

Vanquished Creatures
  A gnoll (D:1)
  An adder (D:2)
  A worm (D:2)
  A dart slug (D:2)
  A ball python (D:2)
  6 bats
  5 endoplasms
  A giant cockroach (D:1)
  2 hobgoblins (D:1)
  2 jackals (D:1)
  6 kobolds
  3 quokkas (D:1)
  3 frilled lizards (D:1)
  A goblin (D:2)
  3 rats
37 creatures vanquished.

Notes
Turn   | Place    | Note
-------+----------+-------------------------------------------
     0 | D:1      | quixfox the Minotaur Fighter began the quest for the Orb.
     0 | D:1      | Reached XP level 1. HP: 19/19 MP: 0/0
   107 | D:1      | Reached XP level 2. HP: 19/27 MP: 1/1
   304 | D:1      | Found a faded altar of an unknown god.
   505 | D:1      | Reached XP level 3. HP: 31/33 MP: 2/2
  1211 | D:2      | Noticed Jessica
  1219 | D:2      | Gained mutation: You are partially covered in iridescent
                  | scales. (AC +2) [potion of mutation]
  1219 | D:2      | Gained mutation: You have a pair of large horns on your
                  | head. [potion of mutation]
  1219 | D:2      | Gained mutation: You have a beak for a mouth. [potion of
                  | mutation]
  1220 | D:2      | Killed from afar by Jessica

Illustrated notes

Levels and vault maps discovered:
D:1:      ncdulo_lavacross, layout_basic, hellmonk_ecumenical_altar_slurped_away
D:2:      layout_basic, minmay_snake_closets, uniq_jessica

Skill      XL: |  1  2  3 |
---------------+----------+-----
Axes           | 3 4 |  4.0
Fighting       | 4 |  4.2
Armour         | 4 |  4.3
Shields        | |  3.6

Action                   || total
-------------------------++-------
Melee: War axe           ||    70
       Headbutt          ||     4
  Use: Potion            ||     2
Armor: Scale mail        ||    43
Dodge: Dodged            ||    31
Block: Buckler           ||    23
